 Dungeon Crawl Stone Soup version 0.31-a0-115-g4708a659fe (webtiles) character file.

Game seed: 10340548445708064978

366 porpoise the Cleaver (level 6, -3/57 HPs)
             Began as a Hill Orc Monk on May 30, 2023.
             Splashed by a jelly's acid (8 damage)
             ... on level 5 of the Dungeon.
             The game lasted 00:07:28 (2503 turns).

porpoise the Cleaver (Hill Orc Monk)                Turns: 2503, Time: 00:07:29

Health: -3/57      AC: -7    Str: 16    XL:     6   Next: 68%
Magic:  6/6        EV: 11    Int: 10    God:
Gold:   194        SH:  0    Dex: 13    Spells: 5/5 levels left

rFire   . . .        a - +0 hand axe
rCold   . . .        d - orb {light}
rNeg    . . .        e - +0 ring mail
rPois   .            (no helmet)
rElec   .            (no cloak)
rCorr   .            (no gloves)
SInv    .            (no boots)
Will    .....        (no amulet)
Stlth   +            (no ring)
HPRegen 0.29/turn    (no ring)
MPRegen 0.10/turn

%: no passive effects
@: corroded, glowing
A: no striking features
a: no special abilities


You were on level 5 of the Dungeon.
You visited 1 branch of the dungeon, and saw 4 of its levels.

You collected 194 gold pieces.

Inventory:

Hand Weapons
 a - a +0 hand axe (weapon)
 b - a +0 sling
Missiles
 h - 15 poisoned darts (quivered)
Armour
 d - an orb of light (worn)
 e - a +0 ring mail (worn)
 p - the scarf "Utog Cuh" {+Inv, Rampage Stlth+}
   (You found it on level 2 of the Dungeon)

   Rampage:   It bestows one free step when moving towards enemies.
   Stlth:     It makes you more stealthy.
Scrolls
 f - 2 scrolls of fear
 g - a scroll of fog {unknown}
 k - a scroll of identify {unknown}
 l - a scroll of silence {unknown}
 m - 2 scrolls of vulnerability {unknown}
Potions
 c - a potion of ambrosia
 i - 2 potions of brilliance {unknown}
 j - a potion of mutation {unknown}
 n - a potion of curing {unknown}
 o - a potion of haste {unknown}
 q - a potion of enlightenment {unknown}


   Skills:
 + Level 5.8 Fighting
 * Level 8.2 Axes
 - Level 2.4 Dodging


You had 5 spell levels left.
You didn't know any spells.
Your spell library was empty.

Dungeon Overview and Level Annotations

Branches:
Dungeon (3/15)

Altars:
Gozag
Trog


Message History

Found an opulent altar of Gozag.
You now have 174 gold pieces (gained 1).
You now have 175 gold pieces (gained 1).
You now have 176 gold pieces (gained 1).
You now have 177 gold pieces (gained 1).
You now have 178 gold pieces (gained 1).
You now have 179 gold pieces (gained 1).
You open the door.
There is an open door here.
You now have 194 gold pieces (gained 15).
Found 3 stones.
A jelly comes into view.
The jelly quivers.
You hit the jelly but do no damage. The acid corrodes you!
Your hands burn!
The jelly hits you. The acid corrodes you!
You are splashed with acid!
You slash the jelly!
Your hands burn!
The jelly is heavily wounded.
The jelly hits you.
You are splashed with acid!
You hit the jelly.
Your hands burn!
The jelly is severely wounded.
The jelly closely misses you.
You hit the jelly but do no damage.
Your hands burn!
The jelly is severely wounded.
The jelly barely misses you.
You are too injured to fight recklessly!
You are too injured to fight recklessly!
You hit the jelly.
Your hands burn!
The jelly is severely wounded.
The jelly barely misses you.
You hit the jelly.
Your hands burn!
The jelly is almost dead.
The jelly hits you.
You are splashed with acid!
* * * LOW HITPOINT WARNING * * *
You hit the jelly but do no damage.
Your hands burn!
* * * LOW HITPOINT WARNING * * *
The jelly is almost dead.
The jelly hits you.
* * * LOW HITPOINT WARNING * * *
The acid corrodes you!
You are splashed with acid!
You die...

......##'###.####.#.#
..........##.#....#.#
..........##.#.####.#
..........##.#......#
......##.###.########
. ......##.# #.#
#####(.. #####.##.#
#.###.....# #.##.#
###...##
#....###...#@.#
#..###...####J#
##.....### ..#
####.## #.# #..# ..
##.# #.# .. .. #.#
### ..


You could see a jelly.

Vanquished Creatures
  Sigmund (D:2)
  An orc priest (D:3)
  An orc wizard (D:3)
  3 gnolls (D:2)
  5 adders
  3 worms
  A dart slug (D:1)
  7 orcs
  6 ball pythons
  4 bats
  5 endoplasms
  4 goblins
  8 hobgoblins
  2 jackals (D:2)
  4 kobolds
  5 frilled lizards (D:1)
  6 rats
66 creatures vanquished.

Notes
Turn   | Place    | Note
-------+----------+-------------------------------------------
     0 | D:1      | porpoise the Hill Orc Monk began the quest for the Orb.
     0 | D:1      | Reached XP level 1. HP: 19/19 MP: 1/1
    70 | D:1      | Reached XP level 2. HP: 24/27 MP: 2/2
   340 | D:1      | Reached skill level 5 in Axes
   361 | D:1      | Reached XP level 3. HP: 33/33 MP: 3/3
   719 | D:2      | Noticed Sigmund
   746 | D:2      | Killed Sigmund
   747 | D:2      | Reached skill level 5 in Fighting
   747 | D:2      | Reached skill level 7 in Axes
   747 | D:2      | Reached XP level 4. HP: 12/42 MP: 4/4
   747 | D:2      | Reached XP level 5. HP: 14/48 MP: 5/5
   908 | D:2      | Reached XP level 6. HP: 56/56 MP: 6/6
  1556 | D:2      | Identified the scarf "Utog Cuh" {+Inv, Rampage Stlth+}
  1896 | D:3      | Found a bloodstained altar of Trog.
  2144 | D:3      | Reached skill level 8 in Axes
  2395 | D:3      | You fall into a shaft and drop 2 floors!
  2395 | D:5      | Entered Level 5 of the Dungeon
  2422 | D:5      | Found an opulent altar of Gozag.
  2503 | D:5      | Splashed by a jelly's acid

Illustrated notes

Levels and vault maps discovered:
D:1:      psy_arrival_terrarium, layout_basic
D:2:      layout_loops_ring, minmay_octomino_j4, uniq_sigmund
D:3:      layout_basic, trog_three_pillars_becter
D:5:      minmay_skewed_foursquare, layout_basic, grunt_gozag_breadcrumbs,
          grunt_ministairs_1, hangedman_abyss_or_decor_lesser_grid

Skill      XL: |  1  2  3  4  5  6 |
---------------+-------------------+-----
Fighting       | 4 5 |  5.8
Axes           | 5 7 8 |  8.2
Dodging        | |  2.4

Action                     |  1- 3 |  4- 6 || total
---------------------------+-------+-------++-------
  Melee: Hand axe          |    89 |   100 ||   189
   Fire: Sling             |       |    39 ||    39
  Throw: Dart              |     2 |     5 ||     7
    Use: Scroll            |     1 |       ||     1
         Potion            |     1 |       ||     1
 Armour: Robe              |     4 |       ||     4
         Ring mail         |    11 |    27 ||    38
  Dodge: Dodged            |    48 |    48 ||    96

Table legend: (Time is in decaauts)
 A = Elapsed time spent in this place.
 B = Non-inter-level travel time spent in this place.
 C = Inter-level travel time spent in this place.
 D = Time resting spent in this place.
 E = Time spent auto-exploring this place.
 F = Levels seen in this place.
 G = Mean time per level.
                   A        B        C        D        E       F      G
               +--------+--------+--------+--------+--------+-----+--------+
         Total |   2510 |   2444 |     66 |    563 |   1347 |   4 |  627.5 |
       Dungeon |   2510 |   2444 |     66 |    563 |   1347 |   4 |  627.5 |
               +--------+--------+--------+--------+--------+-----+--------+

Top non-repeatable levels by time:
     D:2: 1271 daAuts
     D:1: 616 daAuts
     D:3: 516 daAuts
     D:5: 106 daAuts
